 Dungeon Crawl Stone Soup version 0.21.1-1-g345015f (webtiles) character file.

14 Yarrr the Sneak (level 2, -4/13 HPs)
             Began as a Spriggan Enchanter on June 8, 2018.
             Slain by a hobgoblin
             ... wielding a +0 club
              (5 damage)
             ... on level 2 of the Dungeon.
             The game lasted 00:08:53 (1612 turns).

Yarrr the Sneak (Spriggan Enchanter)                Turns: 1612, Time: 00:08:54

Health: -4/13      AC:  2    Str:  4    XL:     2   Next: 27%
Magic:  6/6        EV: 18    Int: 16    God:
Gold:   24         SH:  0    Dex: 16    Spells: 5/6 levels left

rFire    . . .     SeeInvis +   a - +1 dagger
rCold    . . .     Gourm    .   (shield restricted)
rNeg     . . .     Faith    .   b - +0 robe
rPois    .         Spirit   .   (helmet restricted)
rElec    .         Reflect  .   (no cloak)
rCorr    .         Harm     .   (gloves unavailable)
MR       .....                  (boots unavailable)
Stlth    +++.......             (no amulet)
HPRegen  0.04/turn              (no ring)
MPRegen  0.10/turn              (no ring)

@: about to teleport, very quick
A: very small, unfitting armour, see invisible, herbivore, speed 3, slow
metabolism 2
a: no special abilities


You were on level 2 of the Dungeon.
You were not hungry.

You visited 1 branch of the dungeon, and saw 3 of its levels.

You collected 24 gold pieces.

Inventory:

Hand Weapons
 a - a +1 dagger (weapon)
Missiles
 h - 65 stones (quivered)
Armour
 b - a +0 robe (worn)
Scrolls
 e - 4 scrolls of teleportation
 f - a scroll of remove curse {unknown}
 i - 2 scrolls of identify {unknown}
Potions
 g - a potion of haste {unknown}
 j - a potion of degeneration {unknown}
Books
 c - a book of Maledictions

   Spells                             Type                      Level
   a - Corona                         Hexes                        1
   b - Ensorcelled Hibernation        Hexes/Ice                    2
   c - Confuse                        Hexes                        3
   d - Tukima's Dance                 Hexes                        3
   e - Dazzling Spray                 Conjuration/Hexes            3
Comestibles
 d - 2 rations


   Skills:
 + Level 1.4 Short Blades
 + Level 3.3 Dodging
 * Level 5.0 Stealth
 - Level 2.6 Spellcasting
 + Level 3.8 Hexes


You had 5 spell levels left.
You knew the following spells:

 Your Spells              Type           Power        Failure   Level  Hunger
a - Corona                Hex            ##.....      4%          1    #......


Dungeon Overview and Level Annotations

Branches:
Dungeon (3/15)

Altars:
Ashenzari


Innate Abilities, Weirdness & Mutations

You are very small and have problems with some larger weapons.
You are too small for most types of armour.
You have supernaturally acute eyesight. (SInv)
You are a herbivore.
You cover ground extremely quickly.
You need consume almost no food.


Message History

You open the door. The bat misses you. The jackal barely misses you.
You hit the jackal but do no damage. The bat barely misses you.
The jackal barely misses you. The jackal misses you.
As you read the scroll labeled JOENTA ZYNI, it crumbles to dust.
You feel strangely unstable.
It was a scroll of teleportation.
The bat barely misses you. The bat misses you. The jackal closely misses you.
The jackal misses you. The hobgoblin hits you with a club.
The jackal misses you. The goblin hits you.
* * * LOW HITPOINT WARNING * * *
The jackal bites you.
* * * LOW HITPOINT WARNING * * *
You closely miss the jackal. The bat completely misses you.
The bat closely misses you. The jackal closely misses you. x2
The hobgoblin hits you but does no damage.
The jackal closely misses you. The goblin misses you.
The jackal completely misses you. x2
You hit the jackal but do no damage. The bat barely misses you.
The jackal closely misses you. The jackal completely misses you.
The hobgoblin hits you with a club.
You die...

.......## ........#
#......# #########
+......# ##.......#
#......# #......#.##
+......# #..###.#..#
#...bg.###..###.##.#
+....h@h.....>#.##.#
#....hg###....h.##.#
#......# #....####.#
#......# #.......#.#
##......###....##.#.#
#.....#........##.#.#
#$....#..).....##.#.#
##...##........##.#.#
#...#.........##.#.#


You could see 3 jackals, a hobgoblin, a goblin and a bat.

Vanquished Creatures
  2 bats (D:1)
  3 goblins (D:1)
  2 hobgoblins
  A jackal (D:2)
  3 kobolds
  A rat (D:1)
12 creatures vanquished.

Notes
Turn   | Place    | Note
-------+----------+-------------------------------------------
     0 | D:1      | Yarrr the Spriggan Enchanter began the quest for the Orb.
     0 | D:1      | Reached XP level 1. HP: 9/9 MP: 5/5
   687 | D:1      | Reached XP level 2. HP: 7/13 MP: 6/6
  1407 | D:2      | Found a shattered altar of Ashenzari.
  1415 | D:2      | Reached skill level 5 in Stealth
  1612 | D:2      | Slain by a hobgoblin

Skill      XL: |  1  2 |
---------------+-------+-----
Stealth        | 5 |  5.0
Short Blades   | |  1.4
Dodging        | |  3.3
Spellcasting   | |  2.6
Hexes          | |  3.8

Action                   || total
-------------------------++-------
Melee: Dagger            ||    68
 Cast: Corona            ||     1
  Use: Scroll            ||     1
 Stab: Sleeping          ||     4
Armor: Robe              ||     4
Dodge: Dodged            ||    77
